[Event "*** Titled Tuesday Blitz"]
[Site "Chess.com"]
[Date "2019.12.03"]
[Round "4"]
[White "rezacz"]
[Black "raviteja81293"]
[Result "1-0"]
[WhiteElo "2474"]
[BlackElo "2664"]
[TimeControl "180+2"]
[EndTime "13:50:52 PST"]
[Termination "rezacz won by resignation"]

1. c4 c6 2. Nf3 d5 3. e3 Nf6 4. b3 Bg4 5. Bb2 e6 6. h3 Bh5 7.
Be2 Nbd7 8. O-O Bd6 9. d3 O-O 10.
cxd5 exd5 11. Nbd2 Re8 12. Re1 a5 13. a3 Nc5 14. Qc2 Ne6 15. Bf1 Nd7 16. e4 dxe4 17. dxe4 Bg6 18. Rad1 Qe7 19. Nc4 Bc5 20. Qc3 f6 21. Nxa5 Ne5 22. b4 Nxf3+ 23. Qxf3 Bb6 24. Nc4 Bc7 25. e5 f5 26. Nd6 Reb8 27. Nxf5 Bxf5 28. Qxf5 Kh8 29. Bc4 Nf8 30. e6 Rd8 31. Qf7 Qxf7 32. exf7 Bd6 33. Re8 1-0

[Event "*** Titled Tuesday Blitz"]
[Site "Chess.com"]
[Date "2019.12.03"]
[Round "4"]
[White "Kislov_Oleg"]
[Black "2165149677570"]
[Result "1-0"]
[WhiteElo "2511"]
[BlackElo "2337"]
[TimeControl "180+2"]
[EndTime "13:50:52 PST"]
[Termination "Kislov_Oleg won by resignation"]

1. e4 c5 2. Nf3 Nc6 3. c3 d5 4. exd5 Qxd5 5. d4 Bf5 6. Be2 cxd4 7. cxd4 Bxb1 8. Rxb1 e6 9. a3 g6 10. O-O Bg7 11.
Be3 Nge7 12. Rc1 O-O 13. Rc5 Qd6 14. Qd2 Rfd8 15. Rd1 Nf5 16. b4 Ncxd4 17. Nxd4 Bxd4 18. Rxf5 gxf5 19. Bxd4 e5 20. Qg5+ Qg6 21. Qxg6+ hxg6 22. Bxe5 Rxd1+ 23. Bxd1 Re8 24. f4 f6 25. Bb3+ Kg7 26.
Bd4 a6 27. Kf2 Re4 28. Be3 Kf8 29. Bd5 Re7 30. Bc5 1-0

[Event "*** Titled Tuesday Blitz"]
[Site "Chess.com"]
[Date "2019.12.03"]
[Round "4"]
[White "FearNoEvil12"]
[Black "SHIVACalypso"]
[Result "1-0"]
[WhiteElo "1987"]
[BlackElo "2277"]
[TimeControl "180+2"]
[EndTime "13:51:08 PST"]
[Termination "FearNoEvil12 won by resignation"]

1. e4 e6 2. d4 d5 3. Nc3 Nf6 4. Qd3 c5 5. Bg5 cxd4 6. Qxd4 Nc6 7. Bb5 Be7 8. O-O-O O-O 9. Bxc6 bxc6 10. e5 Nd7 11. Bxe7 Qxe7 12. Nf3 c5 13. Qg4 Rb8 14. h4 c4 15. Rd4 Qb4 16. Nd1 Nc5 17. h5 h6 18.
c3 Qa4 19. Kb1 Rb6 20. Rh3 Ra6 21. a3 Qb5 22. Rg3 g6 23. hxg6 f5 24. Qh4 Qd7 25. g7 Rf7 26. Qxh6 Rxg7 27. Rh4 Rxg3 28. Qh8+ Kf7 29.
Rh7+ 1-0

[Event "*** Titled Tuesday Blitz"]
[Site "Chess.com"]
[Date "2019.12.03"]
[Round "4"]
[White "ChainsOfFantasia"]
[Black "VladimirBelous"]
[Result "0-1"]
[WhiteElo "2521"]
[BlackElo "2739"]
[TimeControl "180+2"]
[EndTime "13:51:10 PST"]
[Termination "VladimirBelous won by resignation"]

1. d4 c5 2. d5 g6 3. c4 Bg7 4. Nc3 d6 5. e4 e6 6. Bd3 Ne7 7. h3 O-O 8. Nf3 Nd7 9. O-O a6 10. a4 Ne5 11. Nxe5 Bxe5 12. f4 Bg7 13. Bd2 exd5 14.
cxd5 f5 15. Qf3 fxe4 16. Nxe4 Nf5 17. Ng5 Bxb2 18. Ne6 Bxe6 19. dxe6 Bxa1 20. Rxa1 Qf6 21. Re1 Rae8 22. Kh2 b5 23. axb5 axb5 24. Bxb5 Nd4 25.
Qd3 Nxb5 26. Qxb5 Rxe6 27. Qc4 Re8 28. Bc3 Qf7 29. Rd1 Re4 30. Qxf7+ Kxf7 31. Rxd6 Rxf4 32. Rc6 Rf5 33. Ba5 Re2 34. Rc7+ Ke6 35. Bb6 Rg5 36.
Rc6+ Kd7 37. Rc7+ Kd6 38. h4 Rexg2+ 39. Kh1 Rg1+ 40. Kh2 R5g2+ 41. Kh3 Rg3+ 42. Kh2 R1g2+ 43. Kh1 Rc2 44. Rxh7 Rb3 45. Bc7+ Kc6 0-1

[Event "*** Titled Tuesday Blitz"]
[Site "Chess.com"]
[Date "2019.12.03"]
[Round "4"]
[White "Mikhail_Golubev"]
[Black "Indianlad"]
[Result "1-0"]
[WhiteElo "2610"]
[BlackElo "2884"]
[TimeControl "180+2"]
[EndTime "13:51:13 PST"]
[Termination "Mikhail_Golubev won by resignation"]

1. e4 c5 2. Nf3 d6 3. d4 cxd4 4. Nxd4 Nf6 5. Nc3 a6 6. Bc4 e6 7. Bb3 Nbd7 8. f4 Nc5 9. O-O Ncxe4 10. Nxe4 Nxe4 11. f5 e5 12. Qh5 d5 13. Re1 Qc7 14. Bxd5 Nf6 15. Bxf7+ Qxf7 16. Rxe5+ Be7 17. Qe2 Bd7 18.
Bg5 Kf8 19. Re1 Bd6 20. Bxf6 Qxf6 21. Ne6+ Bxe6 22. Rxe6 Bc5+ 23. Kh1 Qf7 24. Qe5 Rc8 25. f6 Kg8 26. fxg7 Qxg7 27. Rf6 Rf8 28. Qd5+ Rf7 29. Ref1 1-0

[Event "*** Titled Tuesday Blitz"]
[Site "Chess.com"]
[Date "2019.12.03"]
[Round "4"]
[White "MateusViageiro"]
[Black "eCztery"]
[Result "0-1"]
[WhiteElo "2173"]
[BlackElo "2412"]
[TimeControl "180+2"]
[EndTime "13:51:16 PST"]
[Termination "eCztery won by resignation"]

1. e4 c5 2. Nf3 Nc6 3. Bb5 g6 4.
O-O Bg7 5. c3 a6 6. Ba4 b5 7.
Bc2 d5 8. exd5 Qxd5 9. Re1 Nf6 10. h3 O-O 11. a4 Bb7 12. Qe2 e5 13. axb5 axb5 14. Rxa8 Rxa8 15. Qxb5 Ba6 16. Qa4 e4 17. Bxe4 Nxe4 18. Qxe4 Qxe4 19. Rxe4 Bd3 20. Re1 Bxb1 21. d4 cxd4 22. cxd4 Nxd4 23. Nxd4 Bxd4 24. Bh6 Bf5 25. g4 Be6 26. b3 Ra1 27. Rxa1 Bxa1 28. b4 Bc3 29. b5 Bd4 30. Be3 Bxe3 31. fxe3 Kf8 32. e4 Ke7 33. Kf2 Kd6 34. Ke3 Ke5 35.
b6 Bc8 36. g5 Bb7 37. h4 Bxe4 0-1

[Event "*** Titled Tuesday Blitz"]
[Site "Chess.com"]
[Date "2019.12.03"]
[Round "4"]
[White "Gennady_Kozlov"]
[Black "OparinGrigoriy"]
[Result "0-1"]
[WhiteElo "2550"]
[BlackElo "3015"]
[TimeControl "180+2"]
[EndTime "13:51:18 PST"]
[Termination "OparinGrigoriy won by resignation"]

1. b3 e5 2. Bb2 Nc6 3. e3 Nf6 4. d4 exd4 5. exd4 d5 6. Nf3 Bd6 7. Bb5 O-O 8. O-O Ne7 9. h3 Ng6 10. Ne5 c6 11. Bd3 Qc7 12. Nxg6 hxg6 13. Nd2 Bf5 14.
Qf3 Bf4 15. Bxf5 gxf5 16. Qd3 Bxd2 17. Qxd2 Ne4 18. Qd3 Rae8 19. f3 Ng3 20. Rfe1 f4 21. Ba3 Rxe1+ 22. Rxe1 Qa5 23. b4 Qd8 24. Bc1 Re8 25.
Bd2 g5 26. h4 gxh4 27. Re5 Rxe5 28. dxe5 Qg5 29. Bc3 h3 30. Qd2 h2+ 0-1

[Event "*** Titled Tuesday Blitz"]
[Site "Chess.com"]
[Date "2019.12.03"]
[Round "4"]
[White "HarutyunianTigranK"]
[Black "WPWPWP-2015"]
[Result "1-0"]
[WhiteElo "2767"]
[BlackElo "2537"]
[TimeControl "180+2"]
[EndTime "13:51:19 PST"]
[Termination "HarutyunianTigranK won by resignation"]

1. c4 Nf6 2. Nc3 e5 3. Nf3 Nc6 4. e4 Bc5 5. Nxe5 Nxe5 6. d4 Bb4 7. dxe5 Nxe4 8. Qf3 Nxc3 9. bxc3 Be7 10. Qg3 g6 11. Bh6 Bf8 12. Bxf8 Kxf8 13. Bd3 d6 14. O-O Be6 15.
f4 dxe5 16. f5 gxf5 17. Qxe5 Rg8 18. Bxf5 Rg5 19. Qh8+ Ke7 20. Qxh7 Qd2 21. Rf2 Bxf5 22. Qxf5 Rxf5 23. Rxd2 Re5 24. Rf1 Rg8 25. Rf3 Re1+ 26. Kf2 Re4 27. Rd4 Rgg4 28. Rxe4+ Rxe4 29. Re3 Re6 30. g4 Kf6 31. Rxe6+ Kxe6 32. Kf3 Ke5 33. h4 a5 34. h5 a4 35. a3 Kf6 36. Kf4 b6 37. g5+ Ke7 38. Ke5 1-0

[Event "*** Titled Tuesday Blitz"]
[Site "Chess.com"]
[Date "2019.12.03"]
[Round "4"]
[White "Lovkov_Roman"]
[Black "Winehouse83"]
[Result "1-0"]
[WhiteElo "2768"]
[BlackElo "2539"]
[TimeControl "180+2"]
[EndTime "13:51:23 PST"]
[Termination "Lovkov_Roman won by resignation"]

1. e4 e5 2. Nf3 Nc6 3. d4 exd4 4. Nxd4 Nf6 5. Nxc6 bxc6 6. e5 Qe7 7. Qe2 Nd5 8. h4 a5 9. c4 Ba6 10. Rh3 Nb6 11.
Nd2 d5 12. exd6 Qxe2+ 13. Bxe2 cxd6 14. Rb3 Nd7 15. Nf3 O-O-O 16. Ra3 d5 17. Rxa5 Bb4+ 18. Bd2 Bxa5 19. Bxa5 Rde8 20. Kf1 dxc4 21. Bc3 f6 22. Nd4 Kb7 23. Nf5 Rd8 24. Nxg7 Ne5 25. Ne6 Rd6 26.
Nc5+ Kb6 27. Ne4 Re6 28. Nxf6 Rd8 29. Ne4 Nd3 30. Ng5 Rh6 31. g3 Re8 32. Rd1 Nxb2 33. Rb1 1-0

[Event "*** Titled Tuesday Blitz"]
[Site "Chess.com"]
[Date "2019.12.03"]
[Round "4"]
[White "HiHaruka"]
[Black "ural58"]
[Result "1-0"]
[WhiteElo "2308"]
[BlackElo "2427"]
[TimeControl "180+2"]
[EndTime "13:51:23 PST"]
[Termination "HiHaruka won by resignation"]

1. c4 e5 2. Nc3 Nc6 3. Nf3 Bb4 4. b3 Bxc3 5. dxc3 d6 6. Qc2 h6 7. b4 f5 8. b5 Nce7 9. c5 e4 10. cxd6 cxd6 11. Nd4 Nf6 12. e3 O-O 13. Ba3 Ng6 14. Qb3+ Kh7 15. Ne6 Bxe6 16. Qxe6 Qc7 17. c4 Rfe8 18.
Qxd6 Qa5+ 19. Qb4 Qc7 20. Be2 Ne5 21. O-O Neg4 22. Qd6 Qf7 23. h3 Rad8 24. Qf4 g5 25. Qxf5+ Kg7 26. Bxg4 Qxc4 27. Bb2 Rf8 28. Bxf6+ Rxf6 29. Qe5 Rd5 30. Qe7+ Rf7 31. Qe6 Rf6 32. Qe7+ Rf7 33.
Qe8 Qc7 34. Rac1 Rc5 35. Rxc5 Qxc5 36. Qxe4 Qxb5 37. Qd4+ Kh7 38. Bf3 b6 39. Be4+ Kg8 40. Bd5 1-0

[Event "*** Titled Tuesday Blitz"]
[Site "Chess.com"]
[Date "2019.12.03"]
[Round "4"]
[White "WorldChampionBulletChess"]
[Black "boasovietica"]
[Result "0-1"]
[WhiteElo "2093"]
[BlackElo "2393"]
[TimeControl "180+2"]
[EndTime "13:51:23 PST"]
[Termination "boasovietica won on time"]

1. d4 Nf6 2. b3 g6 3. Nf3 Bg7 4. Bb2 O-O 5. Nbd2 d6 6. e4 Nc6 7. Be2 e5 8. d5 Nd4 9. Nxd4 exd4 10. Bxd4 Re8 11. f3 Nxd5 12. Bxg7 Ne3 13. Qb1 Kxg7 14. Kf2 Nxg2 15. Qb2+ Kg8 16. Kxg2 Qg5+ 17. Kf2 Qxd2 18. Rad1 Qf4 19. h4 h5 20. Qd4 Bd7 21. Bc4 Be6 22. Rd3 Bxc4 23. Qxc4 Re7 24. Qd5 Rae8 25. Re3 c6 0-1

[Event "*** Titled Tuesday Blitz"]
[Site "Chess.com"]
[Date "2019.12.03"]
[Round "4"]
[White "kacprekt"]
[Black "brendan174"]
[Result "1-0"]
[WhiteElo "2333"]
[BlackElo "2116"]
[TimeControl "180+2"]
[EndTime "13:51:27 PST"]
[Termination "kacprekt won by resignation"]

1. d4 Nf6 2. c4 e6 3. Nc3 Bb4 4. Bf4 O-O 5. Qb3 Bxc3+ 6. Qxc3 d6 7. e3 b6 8. Nf3 Ne4 9. Qc2 Bb7 10. Bd3 f5 11. h3 Nd7 12. O-O Rc8 13. Bh2 Rf6 14.
Ne1 Rg6 15. f3 Ng5 16. Kh1 Nf6 17. d5 exd5 18. Bxf5 Rh6 19. Bxc8 Bxc8 20. cxd5 Nxh3 21. gxh3 Bxh3 22. Rf2 Nxd5 23. Qe4 Nf6 24. Qc4+ Kh8 25. Rc1 c5 26. Qf4 Nh5 27. Qa4 Qe7 28. Qc6 Kg8 29.
Qd5+ Kf8 30. Ng2 Be6 31. Qa8+ Kf7 32. Nf4 Bf5 33. Qd5+ Kf8 34. Qxf5+ 1-0

[Event "*** Titled Tuesday Blitz"]
[Site "Chess.com"]
[Date "2019.12.03"]
[Round "4"]
[White "Perecke"]
[Black "FelixJoseYnojosa"]
[Result "0-1"]
[WhiteElo "2154"]
[BlackElo "2622"]
[TimeControl "180+2"]
[EndTime "13:51:29 PST"]
[Termination "FelixJoseYnojosa won by resignation"]

1. e4 c5 2. Nf3 Nc6 3. d4 cxd4 4. Nxd4 e5 5. Nb5 d6 6. c4 Be7 7. Be3 Nf6 8. f3 O-O 9. Be2 a6 10. N5c3 Nd7 11. O-O Nc5 12. a3 Ne6 13. Nd2 Bg5 14. Bxg5 Qxg5 15. Nb3 Nf4 16. g3 Bh3 17. Rf2 Rad8 18. Kh1 Ng6 19. Bf1 Bxf1 20. Rxf1 f5 21. exf5 Rxf5 22. Nd5 Rdf8 23. Qd3 h5 24.
Nd2 Nd4 25. Ne4 Qd8 26. f4 h4 27. fxe5 Nxe5 28. Qxd4 Rxf1+ 29. Rxf1 Rxf1+ 30. Kg2 Rf7 31. c5 Qd7 32. Ng5 Qf5 33. Nxf7 h3+ 0-1

[Event "*** Titled Tuesday Blitz"]
[Site "Chess.com"]
[Date "2019.12.03"]
[Round "4"]
[White "Ambitiousresolutions"]
[Black "LonesomeGeorge1"]
[Result "1-0"]
[WhiteElo "2632"]
[BlackElo "2327"]
[TimeControl "180+2"]
[EndTime "13:51:32 PST"]
[Termination "Ambitiousresolutions won by checkmate"]

1. e4 g6 2. d4 c6 3. Nf3 d5 4. Nc3 dxe4 5. Nxe4 Bg7 6. h3 Nf6 7. Nxf6+ exf6 8. Bd3 O-O 9. O-O a5 10. c4 Na6 11.
Bf4 Be6 12. a3 Nc7 13. Qc2 a4 14. Rad1 Qd7 15. Rfe1 Rfd8 16. Qc1 Bf8 17. Bh6 Bg7 18. Bxg7 Kxg7 19. Qf4 Ra5 20. Bf1 Qd6 21. Qd2 Raa8 22. Qc3 b5 23. d5 cxd5 24. c5 Qf4 25. Rd4 Qf5 26. Bd3 Qh5 27. Rf4 d4 28. Qd2 Qxc5 29.
Rc1 Qd6 30. Rh4 h5 31. g4 Nd5 32. gxh5 g5 33. Nxg5 fxg5 34. Qxg5+ Kh8 35. Qh6+ Kg8 36. Bh7+ Kh8 37. Bf5+ Kg8 38. Rg4# 1-0

[Event "*** Titled Tuesday Blitz"]
[Site "Chess.com"]
[Date "2019.12.03"]
[Round "4"]
[White "Qvalda"]
[Black "BillieKimbah"]
[Result "0-1"]
[WhiteElo "2518"]
[BlackElo "2726"]
[TimeControl "180+2"]
[EndTime "13:51:34 PST"]
[Termination "BillieKimbah won by checkmate"]

1. d4 d5 2. Bf4 c5 3. e3 Nf6 4.
Nc3 cxd4 5. exd4 a6 6. Nf3 Bg4 7. Bd3 Nc6 8. Be3 e6 9. h3 Bh5 10. O-O Bd6 11. Be2 Qc7 12. a4 O-O 13. Nd2 Bg6 14. Nf3 Rac8 15. Nh4 Na5 16. Nxg6 hxg6 17.
Bg5 Bb4 18. Bd2 Nc4 19. Bxc4 Qxc4 20. Be1 Bxc3 21. Bxc3 Ne4 22. Ra3 b5 23. axb5 axb5 24.
Rb3 Rfe8 25. Qd3 Rb8 26. f3 Nd6 27. Ra1 Qc6 28. Bb4 Nf5 29. Bc5 e5 30. c3 e4 31.
fxe4 dxe4 32. Qf1 e3 33. Re1 Re4 34. Ra3 Rbe8 35. b4 e2 36. Qf3 Nh4 37. Qf2 Rf4 38. Qxf4 Qxg2# 0-1

[Event "*** Titled Tuesday Blitz"]
[Site "Chess.com"]
[Date "2019.12.03"]
[Round "4"]
[White "ChessWarrior7197"]
[Black "kallerotmg"]
[Result "0-1"]
[WhiteElo "2908"]
[BlackElo "2142"]
[TimeControl "180+2"]
[EndTime "13:51:34 PST"]
[Termination "kallerotmg won by resignation"]

1. e4 c5 2. Nf3 d6 3. d4 cxd4 4. Nxd4 Nf6 5. Nc3 g6 6. Be3 Bg7 7. f3 O-O 8. Qd2 Nc6 9. O-O-O d5 10. exd5 Nxd5 11. Nxc6 bxc6 12. Bd4 e5 13. Bc5 Be6 14. Ne4 Re8 15. Kb1 f5 16. Ng5 Bc8 17. c4 Bf6 18.
Nxh7 Kxh7 19. cxd5 cxd5 20. Qxd5 Qxd5 21. Rxd5 Be6 22.
Rd1 Rec8 23. Bd6 Rc6 24. Bb5 Rb6 25. a4 Bb3 26. Rd3 Rd8 27. Rxb3 Rdxd6 28. Rc1 Kh6 29. Rc2 a6 30. Bc4 Rd1+ 31. Ka2 Rc6 32. Rb8 Rd4 33.
Bb3 Rxc2 34. Bxc2 Rd2 35. Bb3 e4 36. Bc4 a5 37. fxe4 fxe4 38. Kb1 e3 39. Kc1 Rxg2 40.
Re8 Rxh2 41. b3 Bg5 42. Rh8+ Kg7 43. Re8 e2+ 0-1

[Event "*** Titled Tuesday Blitz"]
[Site "Chess.com"]
[Date "2019.12.03"]
[Round "4"]
[White "Leonid_Starozhilov"]
[Black "josiur"]
[Result "1-0"]
[WhiteElo "2676"]
[BlackElo "2441"]
[TimeControl "180+2"]
[EndTime "13:51:37 PST"]
[Termination "Leonid_Starozhilov won by resignation"]

1. e4 e5 2. Nf3 Nc6 3. Bc4 Nf6 4. d3 Bc5 5. Nc3 d6 6. Be3 Bb6 7. h3 h6 8. Qd2 Be6 9. O-O Qe7 10. Nd5 Bxd5 11. exd5 Bxe3 12. fxe3 Nb8 13. Nh4 g6 14. e4 Nxe4 15. dxe4 Qxh4 16. Bb5+ Ke7 17. Qc3 Rc8 18.
Rae1 a6 19. Qf3 Qf4 20. Qa3 Qg5 21. c4 f5 22. exf5 gxf5 23. Rxe5+ Kf6 24. Rexf5+ Qxf5 25. Rxf5+ Kxf5 26. Qf3+ Ke5 27. Qe3+ Kf6 28. Qe6+ Kg5 29.
Qxc8 axb5 30. Qxb7 Rxa2 31. Qxb8 Rxb2 32. cxb5 1-0

[Event "*** Titled Tuesday Blitz"]
[Site "Chess.com"]
[Date "2019.12.03"]
[Round "4"]
[White "Orest_Vovk"]
[Black "Fiona"]
[Result "1-0"]
[WhiteElo "2314"]
[BlackElo "2050"]
[TimeControl "180+2"]
[EndTime "13:51:39 PST"]
[Termination "Orest_Vovk won by resignation"]

1. d4 d5 2. c4 e6 3. Nc3 Be7 4. cxd5 exd5 5. Bf4 c6 6. e3 Nf6 7. Nf3 h6 8. Bd3 O-O 9. Ne5 Re8 10. O-O Nbd7 11.
h3 Nf8 12. Rc1 Bd6 13. Bb1 Qe7 14. Qc2 Nh5 15. Bh2 Qh4 16. f4 g6 17. Qf2 Qxf2+ 18.
Rxf2 Kg7 19. g4 Nf6 20. Rcf1 h5 21. f5 g5 22. gxh5 Nxh5 23. f6+ Kg8 24. Rg2 Ne6 25. Rf5 Bxe5 26. Rfxg5+ Nxg5 27. Rxg5+ Kf8 28. Bxe5 1-0

[Event "*** Titled Tuesday Blitz"]
[Site "Chess.com"]
[Date "2019.12.03"]
[Round "4"]
[White "przemekpiotrowski"]
[Black "politeplayer"]
[Result "0-1"]
[WhiteElo "2414"]
[BlackElo "2236"]
[TimeControl "180+2"]
[EndTime "13:51:42 PST"]
[Termination "politeplayer won by resignation"]

1. d4 d5 2. Nf3 e6 3. g3 Nf6 4. Bg2 c5 5. O-O Nc6 6. c4 Be7 7.
Nc3 O-O 8. cxd5 exd5 9. b3 Bg4 10. Ne5 Bh5 11. Nxc6 bxc6 12. Ba3 Qa5 13. Na4 Rfe8 14. dxc5 Nd7 15. Qc2 Bf6 16. Rae1 Bg6 17. Qc1 Re7 18. Bb2 Bxb2 19. Qxb2 Rae8 20. Bf3 Ne5 21. Rc1 Nxf3+ 22. exf3 Bd3 23. Rfd1 Re1+ 24. Kg2 Bf1+ 25. Kg1 Bh3+ 0-1

[Event "*** Titled Tuesday Blitz"]
[Site "Chess.com"]
[Date "2019.12.03"]
[Round "4"]
[White "pulvettd"]
[Black "kinga2008"]
[Result "1-0"]
[WhiteElo "2615"]
[BlackElo "1979"]
[TimeControl "180+2"]
[EndTime "13:51:43 PST"]
[Termination "pulvettd won by resignation"]

1. d4 Nf6 2. c4 d6 3. Nf3 g6 4. g3 Bg7 5. Bg2 O-O 6. O-O e5 7. Nc3 exd4 8. Nxd4 Nbd7 9. Qc2 Nc5 10. Rd1 Rb8 11.
h3 Bd7 12. e4 Qc8 13. Kh2 Ne8 14. Be3 a6 15. Nd5 Qd8 16. Nb3 b6 17. Bd4 Nf6 18. Bc3 Ba4 19. Nxf6+ Bxf6 20. e5 Be7 21. Bd5 Qe8 22. Re1 dxe5 23. Bxe5 Qd7 24. Rad1 Bd6 25. Nxc5 bxc5 26. b3 Bc6 27. Bb2 Rbe8 28. Qc3 Be5 29. Rxe5 Bxd5 30. Rexd5 1-0

[Event "*** Titled Tuesday Blitz"]
[Site "Chess.com"]
[Date "2019.12.03"]
[Round "4"]
[White "RainForestt"]
[Black "LuckIsMySkill"]
[Result "0-1"]
[WhiteElo "2524"]
[BlackElo "2737"]
[TimeControl "180+2"]
[EndTime "13:51:46 PST"]
[Termination "LuckIsMySkill won on time"]

1. d4 Nf6 2. Nf3 e6 3. Bf4 b5 4.
e3 a6 5. Bd3 Bb7 6. O-O Bd6 7.
Nbd2 Bxf4 8. exf4 d6 9. f5 exf5 10. Re1+ Kf8 11. Bxf5 g6 12. Be4 Nxe4 13. Nxe4 Nd7 14.
d5 h6 15. Qd4 Kg8 16. a4 Kh7 17. Re3 Re8 18. Nfg5+ Kg8 19. Rh3 Re5 20. Rxh6 Bxd5 21. f4 c5 22. Qd3 Bxe4 23. Nxe4 Re6 24. Qh3 Rxe4 25. Rh8+ Kg7 26. Rxd8 Rxd8 27. Qf3 Nf6 28. Rf1 Rde8 29. g3 bxa4 30. Rf2 d5 0-1

[Event "*** Titled Tuesday Blitz"]
[Site "Chess.com"]
[Date "2019.12.03"]
[Round "4"]
[White "Sajkochess"]
[Black "chiwii"]
[Result "1-0"]
[WhiteElo "2246"]
[BlackElo "1914"]
[TimeControl "180+2"]
[EndTime "13:51:47 PST"]
[Termination "Sajkochess won by resignation"]

1. e4 c5 2. Nf3 e6 3. d4 cxd4 4.
Nxd4 a6 5. Nc3 Qc7 6. g3 Nf6 7. Bg2 Be7 8. O-O Nc6 9. Re1 d6 10. Nxc6 bxc6 11. e5 dxe5 12. Rxe5 O-O 13. Bf4 Bd6 14.
Rxe6 Bxf4 15. Rxc6 Qb8 16. gxf4 Qxf4 17. Qf3 Qg5 18. Qg3 Qxg3 19. hxg3 Bb7 20. Rc7 Bxg2 21. Kxg2 Rab8 22. Na4 Rfc8 23. Rxc8+ Rxc8 24. c3 h5 25. Rd1 Rc4 26. b3 Rg4 27. Rd4 Rg6 28. Nc5 Ng4 29. Nd3 Re6 30. Nf4 Re5 31. Rd5 g6 32. Rxe5 Nxe5 33. c4 Nc6 34. Nd5 a5 35. Kf3 Kg7 36.
Ke4 f6 37. a3 Kf7 38. b4 Ke6 39. b5 Ne5 40. Kd4 Nf3+ 41. Kc5 Nd2 42. b6 Nb3+ 43.
Kc6 a4 44. b7 Na5+ 45. Kc7 Nxb7 46. Kxb7 f5 47. Nf4+ 1-0

[Event "*** Titled Tuesday Blitz"]
[Site "Chess.com"]
[Date "2019.12.03"]
[Round "4"]
[White "petincash"]
[Black "LawrenceTrent"]
[Result "0-1"]
[WhiteElo "2427"]
[BlackElo "2672"]
[TimeControl "180+2"]
[EndTime "13:51:50 PST"]
[Termination "LawrenceTrent won on time"]

1. e4 g6 2. Bc4 Bg7 3. h4 h5 4. Nf3 e6 5. Ng5 d5 6. Bb3 Ne7 7. Nc3 Nbc6 8. d3 Nd4 9. Bd2 c5 10. Ba4+ Bd7 11. Bxd7+ Qxd7 12. Rb1 Nec6 13. Rh3 O-O-O 14.
Ne2 f6 15. Nxd4 Nxd4 16. Nf3 dxe4 17. dxe4 Qc6 18. Nxd4 Rxd4 19. Qe2 Rxe4 20. Be3 Rd8 21. Kf1 f5 22. Qf3 Qd5 23. Rg3 Rg4 24. Qxd5 Rxd5 25. Rxg4 hxg4 26. c4 Re5 27. b3 b6 28. Rd1 Re4 29.
g3 Bd4 30. Bg5 a6 31. Rd3 Kb7 32. b4 cxb4 33. a3 bxa3 34. Rxa3 a5 35. Rb3 Kc6 36. Bf4 Bc5 37. Rd3 Rd4 38. Rb3 Rxc4 39. Rb1 a4 40.
Rd1 Bd4 41. Re1 Kd5 0-1

[Event "*** Titled Tuesday Blitz"]
[Site "Chess.com"]
[Date "2019.12.03"]
[Round "4"]
[White "Caisachess"]
[Black "matiss90"]
[Result "0-1"]
[WhiteElo "2257"]
[BlackElo "2567"]
[TimeControl "180+2"]
[EndTime "13:51:51 PST"]
[Termination "matiss90 won by resignation"]

1. e4 c5 2. Nf3 d6 3. c3 Nf6 4.
Bd3 Nc6 5. Bc2 g6 6. O-O Bg7 7.
h3 O-O 8. d4 cxd4 9. cxd4 d5 10.
e5 Ne4 11. a3 Bf5 12. Be3 Rc8 13. Bd3 Na5 14. Nh4 Qb6 15. Nxf5 gxf5 16. b4 Nc4 17. Ra2 Nxe3 18. fxe3 e6 19. Bxe4 dxe4 20. Rc2 Bh6 21. Kf2 a5 22. bxa5 Bxe3+ 23. Kxe3 Qb3+ 24. Rc3 Rxc3+ 25. Nxc3 Qxc3+ 26. Kf4 Rd8 27. Kg5 Qxa3 28. Kh4 Qe7+ 29. Kg3 Qg5+ 30. Kh2 Qe3 31. Qb3 Qxb3 0-1

[Event "*** Titled Tuesday Blitz"]
[Site "Chess.com"]
[Date "2019.12.03"]
[Round "4"]
[White "Faustregel"]
[Black "Nancy11111"]
[Result "1-0"]
[WhiteElo "2737"]
[BlackElo "2362"]
[TimeControl "180+2"]
[EndTime "13:51:52 PST"]
[Termination "Faustregel won by resignation"]

1. e4 c5 2. Nf3 d6 3. d4 cxd4 4. Nxd4 Nf6 5. Nc3 a6 6. Be3 e5 7. Nb3 Be6 8. f3 Be7 9. Qd2 Nbd7 10. g4 O-O 11. O-O-O Nc5 12. Nxc5 dxc5 13. Nd5 Bxd5 14. exd5 Bd6 15. h4 b5 16. h5 c4 17. g5 Ne8 18.
Bh3 b4 19. g6 f5 20. h6 Qa5 21. gxh7+ Kh8 22. hxg7+ Nxg7 23. Bh6 Rf7 24. Kb1 c3 25. Qg2 cxb2 26. Rdg1 Bf8 27. Bxf5 Rb8 28. Qg6 b3 29.
cxb3 Rc7 30. d6 Rc1+ 31. Rxc1 bxc1=Q+ 32. Rxc1 Qd2 33. Bxd2 1-0

[Event "*** Titled Tuesday Blitz"]
[Site "Chess.com"]
[Date "2019.12.03"]
[Round "4"]
[White "NeverEverForever1990"]
[Black "Sjakkerntobi"]
[Result "1-0"]
[WhiteElo "2408"]
[BlackElo "2127"]
[TimeControl "180+2"]
[EndTime "13:51:54 PST"]
[Termination "NeverEverForever1990 won by checkmate"]

1. e4 c5 2. Nf3 e6 3. d4 cxd4 4. Nxd4 Nc6 5. Nc3 Qc7 6. Be3 a6 7. Qf3 d6 8. O-O-O Nf6 9. Qg3 Ne5 10. f4 Ng6 11. Be2 b5 12. e5 dxe5 13. fxe5 Nd7 14.
Bf3 Bb7 15. h4 h5 16. Nxe6 Qb8 17. Ng5 Bxf3 18. Qxf3 Ndxe5 19. Qe4 Be7 20. Nd5 Nc6 21. Bf4 Nxf4 22. Nxf4 Qb7 23. Nxf7 Kxf7 24. Qg6+ Kg8 25. Qe6+ Kf8 26. Ng6+ Ke8 27. Nxh8 Rd8 28. Qf7# 1-0

[Event "*** Titled Tuesday Blitz"]
[Site "Chess.com"]
[Date "2019.12.03"]
[Round "4"]
[White "chesstatour"]
[Black "Jadeit90"]
[Result "0-1"]
[WhiteElo "1955"]
[BlackElo "2270"]
[TimeControl "180+2"]
[EndTime "13:52:00 PST"]
[Termination "Jadeit90 won by resignation"]

1. c4 Nf6 2. Nc3 e5 3. Nf3 Nc6 4. d4 exd4 5. Nxd4 Bb4 6. g3 Bxc3+ 7. bxc3 O-O 8. Bg2 Qe7 9. O-O Qc5 10. Qa4 d6 11. Nxc6 bxc6 12. Qxc6 Qxc6 13. Bxc6 Rb8 14. Be3 Ba6 15. Bxa7 Rb2 16. Bb5 Bxb5 17. cxb5 Rxb5 18.
Rfb1 Ra5 19. Bb8 Rc8 20. Rb7 Ne8 21. a4 Ra8 22. Ba7 Kf8 23. a5 Ke7 24. Be3 Ra6 25. Ra7 Rxa7 26. Bxa7 Ra8 27. Be3 Ra6 28. c4 Kd7 29. Bd2 Nf6 30. f3 Kc6 31. Bb4 Nd7 32. Kf2 Nc5 33. Bxc5 Kxc5 34. Ke3 c6 35. Kd3 Kb4 36. Kd4 Rxa5 37. Rxa5 Kxa5 38. c5 d5 39. Ke5 Kb5 40. Kd6 d4 41. f4 f5 42. h3 h5 43.
Ke5 Kxc5 44. Kxf5 Kd5 45. g4 hxg4 46. Kxg4 c5 47. f5 c4 48. f6 gxf6 49. h4 c3 50. h5 c2 51. h6 c1=Q 52. h7 Qh6 0-1

[Event "*** Titled Tuesday Blitz"]
[Site "Chess.com"]
[Date "2019.12.03"]
[Round "4"]
[White "pouya21"]
[Black "Oleksandr_Bortnyk"]
[Result "0-1"]
[WhiteElo "2730"]
[BlackElo "2935"]
[TimeControl "180+2"]
[EndTime "13:52:03 PST"]
[Termination "Oleksandr_Bortnyk won by resignation"]

1. e4 Nf6 2. e5 Nd5 3. d4 d6 4.
Nf3 dxe5 5. Nxe5 c6 6. Be2 Bf5 7. O-O Nd7 8. Nf3 e6 9. c4 N5f6 10. Nc3 Bd6 11. Nh4 Bg6 12. g3 O-O 13. Nxg6 hxg6 14.
Bf3 Re8 15. Be3 e5 16. d5 Qc7 17. Qc2 Bc5 18. dxc6 bxc6 19. Rfe1 Rab8 20. Rad1 Bxe3 21. Rxe3 Nc5 22. Rde1 Red8 23. R1e2 Ne6 24. Re1 Nd4 25. Qc1 Qd7 26. b3 Nxf3+ 27. Rxf3 Qh3 28. Qg5 Ng4 29.
Qh4 Qxh4 30. gxh4 f5 31. h5 e4 32. Rh3 Ne5 33. Kg2 Nd3 34. Ree3 Nf4+ 35. Kg3 Nxh3 36. Kxh3 gxh5 37. Kh4 Rd3 38. Ne2 Rxe3 39. fxe3 Rd8 40. Nd4 g5+ 0-1